Map: Kairos Junction LE

Players

Numi

  • Race: Protoss Protoss
  • League: Master
  • Spawn Location: 11:00

oliM - Winner!

  • Race: Protoss Protoss
  • League: Master
  • Spawn Location: 5:00

VOD

Have the link to the VOD?

Description

Time

  • Played on: Nov. 25, 2018, 6:58 a.m.
  • Length: 22:36
Show
View Real Time Build Order
Export as new Build Order

Numi Protoss 

Build Orders:  

Get SALT Encoding   

  12  0:00  Probe  
  13  0:13  Probe  
  14  0:17  Pylon  
  14  0:24  Probe  
  15  0:32  Probe  
  15  0:40  Probe, Gateway  
  16  0:49  Assimilator  
  17  0:51  Probe  
  18  0:57  Assimilator  
  18  1:03  Probe  
  19  1:09  Gateway  
  19  1:15  Probe  
  20  1:27  Cybernetics Core, Probe  
  21  1:35  Pylon  
  21  1:36  Warp Gate  
  21  1:39  Probe  
  22  1:51  Probe  
  23  2:03  Stalker x2  
  27  2:16  Pylon  
  27  2:22  Probe  
  28  2:35  Stalker x2  
  32  2:52  Shield Battery  
  32  2:54  Pylon  
  32  3:06  Stalker x2  
  36  3:24  Gateway  
  36  3:45  Pylon  
  36  3:51  Sentry x2  
  36  3:53  Nexus  
  40  3:58  Probe  
  41  4:07  Robotics Facility  
  41  4:19  Pylon  
  41  4:27  Probe  
  41  4:31  Shield Battery  
  42  4:33  Sentry  
  42  4:34  Stalker  
  46  4:39  Probe  
  47  4:47  Immortal  
  47  4:51  Probe  
  52  5:03  Probe  
  52  5:06  Probe  
  53  5:07  Twilight Council  
  54  5:15  Probe x2  
  54  5:20  Observer  
  56  5:25  Pylon  
  56  5:27  Probe  
  58  5:30  Pylon  
  58  5:32  Probe  
  58  5:33  Blink  
  59  5:39  Probe  
  59  5:41  Pylon  
  59  5:44  Probe  
  60  5:52  Probe  
  60  5:53  Assimilator  
  60  5:56  Assimilator, Probe  
  62  5:58  Robotics Bay  
  62  6:04  Probe  
  63  6:08  Stalker  
  65  6:15  Probe  
  65  6:17  Observer  
  64  6:19  Pylon  
  64  6:31  Probe  
  65  6:33  Pylon  
  65  6:35  Probe  
  66  6:43  Probe  
  66  6:46  Robotics Facility  
  67  6:47  Probe  
  68  6:55  Probe  
  68  6:59  Probe  
  70  7:07  Probe  
  71  7:09  Pylon  
  71  7:11  Probe  
  71  7:12  Stalker  
  74  7:15  Disruptor  
  74  7:16  Nexus  
  74  7:19  Probe  
  74  7:20  Gateway  
  74  7:21  Gateway  
  78  7:23  Probe  
  78  7:29  Disruptor, Gateway  
  79  7:31  Probe  
  79  7:35  Probe  
  81  7:43  Probe  
  85  7:45  Pylon  
  85  7:47  Probe  
  84  7:53  Stalker x2  
  84  7:58  Disruptor  
  86  8:03  Pylon  
  86  8:04  Disruptor  
  92  8:06  Probe  
  93  8:13  Dark Shrine  
  93  8:15  Forge  
  92  8:24  Disruptor  
  88  8:34  Probe x2  
  90  8:37  Shield Battery  
  93  8:42  Probe  
  93  8:43  Shield Battery  
  94  8:52  Probe x2  
  94  8:54  Assimilator, Warp Prism  
  96  8:56  Stalker x3  
  96  8:57  Assimilator  
  101  9:04  Protoss Ground Weapons Level 1  
  101  9:09  Photon Cannon  
  103  9:12  Disruptor  
  103  9:14  Probe x2  
  108  9:19  Photon Cannon  
  108  9:20  Pylon  
  105  9:37  Disruptor  
  91  9:41  Zealot x4  
  93  9:48  Disruptor  
  93  9:57  Dark Templar  
  87  10:07  Zealot x2  
  74  10:11  Dark Templar  
  69  10:14  Observer  
  65  10:24  Observer  
  65  10:26  Dark Templar, Disruptor  
  65  10:27  Probe x3  
  71  10:35  Stalker x2  
  71  10:39  Probe x2  
  74  10:44  Probe  
  74  10:45  Disruptor  
  78  10:51  Probe  
  78  10:53  Zealot  
  78  10:58  Photon Cannon  
  78  10:59  Archon  
  78  11:00  Disruptor  
  78  11:01  Shield Battery  
  78  11:03  Probe x3  
  84  11:11  Photon Cannon  
  84  11:13  Stalker  
  84  11:14  Stalker x2  
  84  11:15  Probe, Shield Battery  
  91  11:24  Disruptor  
  94  11:27  Photon Cannon  
  94  11:34  Stalker  
  94  11:36  Probe x2  
  94  11:37  Probe  
  99  11:41  Stalker  
  99  11:42  Stalker, Warp Prism  
  99  11:46  Stalker  
  105  11:48  Probe  
  106  12:11  Stalker x4  
  106  12:15  Probe x2  
  116  12:32  Disruptor x2  
  116  12:36  Zealot x2  
  102  12:51  Stalker x2  
  102  12:58  Gateway, Disruptor x2  
  100  13:01  Gateway  
  100  13:03  Dark Templar x2, Gateway  
  102  13:22  Probe x3  
  102  13:26  Disruptor  
  105  13:27  Stalker x2  
  105  13:31  Protoss Ground Weapons Level 2, Nexus  
  105  13:33  Disruptor  
  108  13:51  Dark Templar, Stalker  
  108  13:59  Observer  
  107  14:03  Dark Templar  
  107  14:09  Disruptor  
  111  14:21  Observer  
  111  14:28  Pylon  
  107  14:38  Dark Templar  
  104  14:42  Disruptor  
  104  14:43  Dark Templar  
  104  14:44  Dark Templar  
  104  14:45  Disruptor  
  100  15:02  Nexus  
  100  15:08  Probe x2  
  99  15:15  Stalker x3  
  99  15:17  Disruptor  
  99  15:20  Pylon  
  108  15:25  Pylon  
  108  15:27  Pylon  
  108  15:28  Nexus  
  108  15:29  Pylon  
  108  15:30  Pylon  
  108  15:33  Dark Templar  
  110  15:37  Disruptor  
  110  15:46  Dark Templar  
  110  15:53  Disruptor  
  110  16:07  Probe  
  110  16:09  Probe  
  112  16:12  Photon Cannon  
  112  16:13  Disruptor  
  115  16:24  Photon Cannon  
  115  16:26  Photon Cannon  
  115  16:27  Shield Battery  
  109  16:33  Disruptor  
  112  16:43  Probe x2  
  112  16:44  Probe  
  112  16:45  Probe  
  116  16:49  Disruptor  
  117  16:55  Probe  
  115  17:09  Disruptor  
  110  17:18  Dark Templar x2  
  102  17:24  Disruptor  
  102  17:29  Probe  
  103  17:31  Photon Cannon  
  103  17:34  Shield Battery  
  90  17:40  Disruptor  
  90  17:45  Probe  
  84  18:00  Stalker x4, Disruptor  
  93  18:10  Disruptor  
  93  18:16  Nexus  
  94  18:36  Disruptor  
  94  18:40  Probe x2  
  100  18:41  Probe  
  100  18:46  Disruptor  
  103  18:52  Probe  
  102  18:56  Stalker x2  
  106  19:04  Probe x2  
  108  19:16  Disruptor  
  105  19:17  Disruptor  
  108  19:25  Adept, Pylon  
  108  19:27  Adept x5  
  113  19:45  Disruptor  
  111  19:47  Disruptor  
  101  20:14  Dark Templar  
  103  20:21  Disruptor  
  95  20:23  Disruptor  
  88  20:45  Stalker x2  
  88  20:49  Observer  
  86  20:56  Disruptor  
  76  21:03  Probe x3  
  76  21:14  Stalker x3  
  81  21:25  Zealot  
  83  21:45  Observer, Disruptor  
  86  21:50  Zealot  
  86  21:51  Zealot x2  
  86  21:52  Zealot  
Show
View Real Time Build Order
Export as new Build Order

oliM Protoss - Winner!

Build Orders: Blink Stalkers 

Get SALT Encoding   

  12  0:00  Probe  
  13  0:13  Probe  
  14  0:18  Pylon  
  14  0:25  Probe  
  15  0:34  Probe  
  15  0:39  Gateway  
  15  0:42  Probe  
  16  0:48  Assimilator  
  17  0:51  Probe  
  17  0:56  Assimilator  
  18  1:00  Probe  
  19  1:08  Probe  
  19  1:12  Gateway  
  19  1:17  Probe  
  21  1:27  Cybernetics Core  
  21  1:29  Probe  
  22  1:38  Pylon  
  22  1:42  Probe  
  23  1:56  Probe  
  23  1:58  Warp Gate  
  24  2:03  Stalker  
  24  2:04  Sentry  
  28  2:09  Pylon  
  28  2:29  Twilight Council  
  28  2:41  Stalker x2  
  32  2:59  Blink  
  32  3:09  Nexus  
  32  3:23  Probe  
  33  3:30  Robotics Facility  
  33  3:35  Probe  
  33  3:38  Shield Battery  
  33  3:39  Shield Battery  
  34  3:41  Pylon  
  34  3:46  Shield Battery  
  34  3:52  Gateway  
  34  4:00  Stalker x2  
  38  4:11  Observer  
  39  4:24  Stalker x2  
  39  4:26  Probe  
  44  4:32  Pylon  
  44  4:43  Nexus  
  44  4:54  Pylon  
  44  4:58  Probe  
  45  5:08  Probe  
  46  5:16  Probe  
  46  5:17  Observer, Robotics Bay  
  48  5:24  Probe  
  49  5:34  Shield Battery  
  49  5:36  Probe  
  50  5:47  Immortal  
  50  5:48  Probe  
  55  5:52  Probe  
  56  5:58  Zealot  
  56  6:00  Probe x2  
  59  6:09  Probe  
  59  6:10  Assimilator  
  60  6:12  Probe  
  60  6:17  Disruptor  
  60  6:23  Probe  
  60  6:25  Probe  
  62  6:26  Assimilator  
  62  6:29  Gateway  
  65  6:35  Probe  
  65  6:37  Probe  
  67  6:45  Disruptor  
  67  6:47  Probe  
  67  6:49  Probe  
  67  6:51  Stalker x2  
  76  7:00  Probe  
  76  7:01  Probe  
  77  7:04  Robotics Facility  
  77  7:12  Probe  
  77  7:14  Pylon  
  78  7:20  Nexus  
  78  7:23  Disruptor  
  78  7:25  Pylon  
  81  7:43  Probe  
  82  7:48  Gateway  
  82  7:49  Gateway  
  82  7:53  Dark Shrine  
  82  7:55  Warp Prism, Disruptor  
  85  7:59  Probe  
  85  8:01  Probe  
  87  8:08  Stalker  
  87  8:11  Probe  
  92  8:23  Disruptor  
  89  8:31  Disruptor  
  94  8:34  Probe  
  94  8:39  Probe  
  94  8:40  Gateway  
  94  8:41  Probe  
  97  8:42  Pylon, Gateway  
  97  8:49  Stalker x2  
  97  8:50  Stalker  
  97  8:51  Disruptor  
  97  8:52  Probe  
  97  8:54  Probe  
  108  9:06  Assimilator  
  108  9:10  Dark Templar x2, Assimilator  
  110  9:28  Observer  
  109  9:38  Disruptor  
  109  9:40  Nexus, Zealot x2  
  109  9:41  Pylon  
  116  9:54  Disruptor  
  117  10:01  Dark Templar, Probe  
  117  10:02  Zealot x3  
  107  10:14  Disruptor  
  99  10:25  Stalker x4  
  103  10:29  Disruptor  
  104  10:35  Forge  
  104  10:41  Probe  
  100  10:48  Observer  
  100  10:55  Probe  
  102  10:58  Probe, Pylon  
  102  11:01  Stalker x2, Disruptor  
  102  11:02  Stalker x4  
  113  11:05  Disruptor  
  119  11:12  Photon Cannon x2  
  119  11:15  Photon Cannon  
  119  11:21  Photon Cannon  
  119  11:23  Shield Battery  
  119  11:29  Shield Battery  
  119  11:30  Protoss Ground Weapons Level 1  
  119  11:34  Dark Templar  
  119  11:36  Dark Templar  
  119  11:37  Observer, Disruptor  
  127  11:49  Photon Cannon  
  127  11:51  Shield Battery  
  127  11:52  Stalker, Pylon  
  129  11:58  Stalker  
  131  12:03  Disruptor  
  134  12:09  Stalker x3  
  140  12:17  Disruptor  
  136  12:33  Probe  
  137  12:37  Stalker x5  
  137  12:38  Disruptor  
  137  12:43  Disruptor  
  133  12:52  Stalker x2  
  140  13:02  Probe  
  140  13:03  Stalker x2  
  145  13:09  Assimilator, Disruptor  
  145  13:11  Assimilator  
  145  13:14  Disruptor  
  145  13:17  Photon Cannon  
  151  13:20  Photon Cannon  
  151  13:21  Shield Battery  
  151  13:22  Probe  
  152  13:34  Dark Templar  
  154  13:41  Stalker  
  154  13:57  Protoss Ground Weapons Level 2  
  154  13:58  Disruptor x2  
  156  14:10  Pylon  
  156  14:12  Pylon  
  156  14:15  Pylon  
  151  14:33  Disruptor  
  151  14:34  Disruptor  
  144  14:58  Stalker x4  
  148  15:09  Disruptor x2  
  154  15:16  Probe  
  155  15:25  Dark Templar, Observer  
  154  15:31  Stalker x5  
  161  15:36  Nexus  
  153  15:45  Disruptor x2  
  153  15:47  Probe  
  160  15:51  Pylon  
  149  16:05  Charge  
  149  16:06  Stalker x7  
  163  16:13  Photon Cannon  
  163  16:21  Disruptor x2  
  169  16:30  Shield Battery, Photon Cannon  
  169  16:32  Photon Cannon  
  163  16:35  Zealot  
  163  16:36  Zealot x4  
  163  16:37  Zealot x2  
  165  16:56  Disruptor x2  
  149  17:16  Zealot x3  
  149  17:17  Zealot x2  
  129  17:23  Disruptor x2  
  129  17:25  Probe  
  122  17:36  Stalker x2  
  122  17:37  Stalker x4  
  125  17:38  Stalker  
  127  17:51  Disruptor  
  127  18:01  Probe  
  127  18:04  Probe  
  131  18:09  Observer  
  131  18:10  Stalker x2  
  131  18:11  Stalker x4  
  143  18:18  Nexus  
  141  18:20  Pylon  
  141  18:23  Disruptor  
  141  18:27  Protoss Ground Weapons Level 3  
  141  18:28  Zealot  
  146  18:43  Photon Cannon  
  146  18:45  Photon Cannon  
  146  18:46  Shield Battery  
  144  18:54  Zealot x5  
  144  18:55  Zealot  
  153  18:57  Disruptor  
  153  19:00  Observer  
  157  19:09  Photon Cannon  
  154  19:11  Shield Battery  
  150  19:20  Stalker x5  
  158  19:27  Disruptor  
  155  19:35  Pylon  
  155  19:36  Disruptor  
  128  19:55  Stalker x4  
  128  19:56  Stalker  
  130  20:02  Disruptor  
  129  20:13  Observer  
  130  20:15  Stalker  
  119  20:33  Zealot x3, Disruptor  
  119  20:34  Zealot  
  130  20:38  Disruptor  
  133  20:46  Assimilator, Stalker  
  133  20:47  Stalker x2  
  133  20:49  Assimilator  
  123  21:05  Stalker x2  
  123  21:06  Stalker x2  
  131  21:11  Dark Templar  
  131  21:15  Dark Templar  
  135  21:22  Probe  
  133  21:31  Stalker  
  133  21:32  Stalker x4  
  143  21:35  Disruptor  
  146  21:43  Disruptor  
  135  22:03  Zealot x4  
  135  22:04  Zealot x3  
Tags
 
Composition
Blink Stalkers
Matchup
PvP
Spawn Locations
Cross Positions
Add a new tag
Caveats
  • Supply blocks, unpowered buildings, or Contaminate may cause inaccurate times.
  • Supply counts are checked every 10 seconds.